 Dungeon Crawl Stone Soup version 0.29.1-13-g9f3cf754e1 (webtiles) character file.

Game seed: 468226800569395379

35606 javelincjr the Scholar (level 13, -2/98 HPs)
             Began as a Demonspawn Transmuter on Feb 9, 2023.
             Was an Elder of Sif Muna.
             Killed by divine providence
             ... invoked by a smoke demon
              (14 damage)
             ... on level 3 of the Abyss on Feb 10, 2023.
             The game lasted 01:43:16 (22371 turns).

javelincjr the Scholar (Demonspawn Transmuter)     Turns: 22371, Time: 01:43:16

Health: -2/98      AC: 10    Str: 17    XL:     13   Next: 48%
Magic:  31/32      EV: 17    Int: 15    God:    Sif Muna [****..]
Gold:   632        SH:  9    Dex: 20    Spells: 17/25 levels left

rFire   . . .      SeeInvis .   V - +3 hand axe (distort)
rCold   . . .      Faith    .   (no shield)
rNeg    . . .      Spirit   .   j - +0 steam dragon scales
rPois   +          Reflect  +   M - +0 helmet "Ritapudi" {+Inv rF- MP+9 Str+2}
rElec   .          Harm     .   (no cloak)
rCorr   .          Rampage  .   (no gloves)
Will    .....                   (no boots)
Stlth   ++++......              m - amulet of reflection
HPRegen 0.26/turn               k - +6 ring of dexterity
MPRegen 0.23/turn               z - ring "Ryjoch" {rF+ Stlth+}

@: no status effects
A: hooves 1, slimy green scales 3, foul stench 3, spiny 1, claws 1, large bone
plates 1, passive freeze
a: Renounce Religion, Evoke Invisibility, Channel Magic, Forget Spell, Divine
Exegesis


You were on level 3 of the Abyss.
You worshipped Sif Muna.
Sif Muna was greatly pleased with you.
You visited 3 branches of the dungeon, and saw 16 of its levels.
You visited the Abyss 1 time.
You also visited: Sewer.

You collected 975 gold pieces.
You spent 343 gold pieces at shops.

Inventory:

Hand Weapons
 d - a +0 trident of flaming
 i - a +1 dagger of chaos
 s - a +2 whip of distortion
 O - a +1 sling of freezing
 V - a +3 hand axe of distortion (weapon)
Missiles
 e - 3 silver boomerangs
 l - 36 poisoned darts
 o - 5 javelins
 u - 18 boomerangs
 v - 7 curare-tipped darts
 L - 3 silver javelins
 T - a boomerang of dispersal
Armour
 j - +0 steam dragon scales (worn)
 H - a +3 plate armour
 M - the +0 helmet "Ritapudi" (worn) {+Inv rF- MP+9 Str+2}
   (You bought it in a shop on level 4 of the Dungeon)

   Str:       It affects your strength (+2).
   rF:        It makes you vulnerable to fire.
   MP:        It affects your magic capacity (+9).
   +Inv:      It lets you turn invisible.
Jewellery
 a - a +4 ring of protection
 g - a ring of ice
 h - a ring of poison resistance
 k - a +6 ring of dexterity (left claw)
 m - an amulet of reflection (around neck)
 y - a ring of flight
 z - the ring "Ryjoch" (right claw) {rF+ Stlth+}
   (You found it in a sewer)

   [ring of protection from fire]

   rF:        It protects you from fire.
   Stlth:     It makes you more stealthy.
 F - a ring of protection from cold
 J - a ring of wizardry
 Z - a +6 ring of strength
Wands
 f - a wand of polymorph (5)
 t - a wand of iceblast (27)
 I - a wand of quicksilver (10)
 S - a wand of mindburst (6)
 U - a wand of paralysis (9)
 X - a wand of flame (29)
Scrolls
 b - 4 scrolls of identify
 q - 4 scrolls of fear
 r - 5 scrolls of teleportation
 x - 2 scrolls of enchant armour
 A - 3 scrolls of blinking
 G - 2 scrolls of amnesia
 K - a scroll of fog
 P - a scroll of magic mapping {unknown}
 R - 2 scrolls of brand weapon
Potions
 c - 4 potions of curing
 n - 2 potions of degeneration {unknown}
 p - 4 potions of magic
 w - 4 potions of haste
 B - 3 potions of attraction {unknown}
 C - 3 potions of might {unknown}
 D - a potion of invisibility {unknown}
 E - 4 potions of cancellation
 Q - 2 potions of brilliance {unknown}
 W - a potion of mutation


   Skills:
 * Level 7.7 Fighting
 + Level 1.4 Short Blades
 + Level 7.9(8.3) Axes
 - Level 2.7(5.7) Maces & Flails
 - Level 1.5(5.2) Polearms
 + Level 0.6 Throwing
 + Level 7.5 Dodging
 + Level 5.5 Stealth
 + Level 6.4 Shields
 + Level 5.1 Unarmed Combat
 + Level 6.8 Spellcasting
 + Level 7.0 Transmutations
 + Level 2.3 Poison Magic
 * Level 10.0 Invocations
 * Level 8.2 Evocations


You had 17 spell levels left.
You knew the following spells:

 Your Spells              Type           Power      Damage    Failure   Level
a - Beastly Appendage     Tmut           52%        N/A       1%          1
b - Wereblood             Tmut           26%        N/A       1%          2
c - Spider Form           Tmut/Pois      19%        N/A       6%          3
d - Blink                 Tloc           10%        N/A       21%         2

Your spell library contained the following spells:

 Spells                   Type           Power      Damage    Failure   Level
 Ignite Poison            Fire/Tmut/Pois 14%        N/A       11%         3
 Poisonous Vapours        Pois/Air       16%        N/A       13%         2
 Apportation              Tloc           10%        N/A       14%         1
 Ice Form                 Ice/Tmut       15%        N/A       32%         4
 Call Canine Familiar     Summ           5%         N/A       38%         3
 Conjure Flame            Conj/Fire      5%         6-21      38%         3
 Dazzling Flash           Conj/Hex       10%        N/A       38%         3
 Lesser Beckoning         Tloc           5%         N/A       38%         3
 Ozocubu's Armour         Ice            5%         N/A       38%         3
 Portal Projectile        Hex/Tloc       10%        N/A       38%         3
 Alistair's Intoxication  Tmut/Pois      12%        N/A       50%         5
 Corpse Rot               Necr/Pois/Air  7%         N/A       67%         4
 Fulminant Prism          Conj/Hex       2%         3d6       80%         4
 Iskenderun's Mystic Bla  Conj/Tloc      5%         2d3       80%         4
 Leda's Liquefaction      Hex/Erth       2%         N/A       80%         4
 Sticky Flame             Conj/Fire      5%         2d3       80%         4
 Summon Lightning Spire   Summ/Air       5%         N/A       80%         4
 Agony                    Necr           5%         N/A       98%         5
 Lee's Rapid Deconstruct  Erth           2%         3d6*      98%         5
 Manifold Assault         Tloc           5%         N/A       98%         5
 Metabolic Englaciation   Hex/Ice        2%         N/A       98%         5
 Silence                  Hex/Air        2%         N/A       98%         5
 Summon Forest            Summ/Tloc      2%         N/A       98%         5
 Summon Mana Viper        Hex/Summ       5%         N/A       98%         5
 Simulacrum               Ice/Necr       2%         N/A       100%        6
 Summon Cactus Giant      Summ           2%         N/A       100%        6
 Storm Form               Tmut/Air       7%         N/A       100%        7
 Borgnjor's Revivificati  Necr           2%         N/A       100%        8
 Maxwell's Capacitive Co  Air            2%         ∞         100%        8
 Necromutation            Tmut/Necr      7%         N/A       100%        8
 Death's Door             Necr           2%         N/A       100%        9


Dungeon Overview and Level Annotations

Branches:
Dungeon (11/15)            Temple (1/1) D:7            Lair (4/5) D:11
  Swamp (0/4) Lair:2        Snake (0/4) Lair:3          Orc (0/2) D:9
  Sewer (visited)
  Slime: Lair:4-5

Altars:
Ashenzari
Cheibriados
Dithmenos
Fedhas
Gozag
Hepliaklqana
Kikubaaqudgha
Makhleb
Nemelex Xobeh
Okawaru
Qazlal
Ru
Sif Muna
Trog
Uskayaw
Vehumet
Wu Jian
Xom
Yredelemnul

Shops:
D:1 :   D:4 *[   D:6 [!*   D:10 [

Annotations:
D:7 2 transporters
D:11 exclusion: oklob plant
Lair:3 exclusion: oklob plant


Innate Abilities, Weirdness & Mutations

You have large cloven feet.
You are completely covered in slimy green scales. (AC +4, rPois)
You frequently emit foul miasma when damaged in melee.
You are partially covered in sharp spines.
You have sharp fingernails.
You are partially covered in large bone plates. (SH +4)
A frigid envelope surrounds you and freezes all who hurt you.


Message History

A green very ugly thing comes into view.
You start resting.
A smoke demon comes into view.
A starcursed mass comes into view.
The smoke demon roars!
You slash the smoke demon!
You kick the smoke demon, but do no damage.
The smoke demon is moderately wounded.
The smoke demon blinks!
The starcursed mass shrieks in your mind.
The smoke demon gestures at you. The ball of steam hits you. You resist.
The smoke demon gestures at you. Something smites you!
The starcursed mass shrieks in your mind.
The smoke demon gestures at you. The sticky flame misses you.
You barely miss the smoke demon. You kick the smoke demon.
The smoke demon is lightly wounded.
The starcursed mass shrieks in your mind.
The smoke demon gestures at you. The ball of steam hits you. You resist.
* * * LOW HITPOINT WARNING * * *
You closely miss the smoke demon. Your kick misses the smoke demon.
Your claw misses the smoke demon.
The smoke demon is lightly wounded.
A starcursed mass splits.
The smoke demon gestures at you. The ball of steam hits you. You resist.
* * * LOW HITPOINT WARNING * * *
Casting: Wereblood (safe; 1% risk of failure)
Confirm with . or Enter, or press ? or * to list all spells.
You blink.
The smoke demon gestures at you. Something smites you!
* * * LOW HITPOINT WARNING * * *
You feel stable enough to blink again. The smoke demon gestures at you.
Something smites you!
You die...

## ###. ...
#.## #@# #
#.## # .#
##.### #
###.#. #3..#
...# .
##X####...#.
# #..X.XX#
...#
##########§#.
## ..
...#.... .
... # ...


You could see 2 starcursed masses and a smoke demon.

Vanquished Creatures
  Erolcha (D:9)
  A hydra (Lair:3)
  A two-headed ogre (D:11)
  2 death yaks (Lair:2)
  Urug (Abyss:2)
  An ugly thing (D:11)
  18 elephants
  A black mamba (Lair:3)
  Joseph (Lair:1)
  4 cane toads
  Psyche (D:8)
  An orange demon (Abyss:3)
  A kobold demonologist (D:8)
  2 rime drakes
  A troll (D:11)
  A komodo dragon (Abyss:2)
  A polar bear (Lair:2)
  A shadow (D:11)
  4 wyverns
  2 basilisks (Lair:4)
  32 yaks
  Eustachio (D:4)
  8 vampire mosquitoes (D:10)
  2 steam dragons
  A large abomination (Abyss:2)
  2 wargs (D:11)
  2 nagas (Lair:3)
  4 swamp worms (Lair:2)
  7 water moccasins
  10 orc warriors
  A black bear (D:8)
  4 ice beasts
  A sky beast (D:8)
  3 centaurs
  13 wolves
  4 phantoms
  4 kobold brigands
  8 bullfrogs
  2 gnoll sergeants
  2 necrophages (D:5)
  3 scorpions
  22 killer bees
  A hound (D:5)
  3 jellies
  8 orc priests
  3 iguanas
  Natasha (twice) (D:3)
  9 orc wizards
  11 gnolls
  11 adders
  A white imp (D:8)
  2 ufetubi
  A worm (D:2)
  A dart slug (D:3)
  46 orcs
  6 bats
  21 endoplasms
  19 giant cockroaches
  2 goblins (D:2)
  5 hobgoblins
  6 jackals
  7 quokkas
  19 ball pythons
  17 frilled lizards
  20 kobolds
  3 rats
  A spectral orc (D:6)
  A lurking horror (Abyss:2)
408 creatures vanquished.

Vanquished Creatures (others)
  A naga (Lair:3)
  6 fungi
  11 plants
18 creatures vanquished.

Grand Total: 426 creatures vanquished

Notes
Turn   | Place    | Note
-------+----------+-------------------------------------------
     0 | D:1      | javelincjr the Demonspawn Transmuter began the quest for
                  | the Orb.
     0 | D:1      | Reached XP level 1. HP: 15/15 MP: 3/3
   371 | D:1      | Found a faded altar of an unknown god.
   396 | D:1      | Gained mutation: You may rarely emit foul miasma when
                  | damaged in melee. [demonic ancestry]
   396 | D:1      | Reached XP level 2. HP: 15/21 MP: 3/5
   631 | D:1      | Found Faefrov's Vocational Training.
  1235 | D:2      | Gained mutation: You are partially covered in slimy green
                  | scales. (AC +2) [demonic ancestry]
  1235 | D:2      | Reached XP level 3. HP: 14/26 MP: 4/6
  1476 | D:2      | Reached skill level 1 in Short Blades
  2876 | D:3      | Gained mutation: You sometimes emit foul miasma when
                  | damaged in melee. [demonic ancestry]
  2876 | D:3      | Reached XP level 4. HP: 26/32 MP: 6/8
  3199 | D:3      | Learned a level 2 spell: Wereblood
  3332 | D:3      | Noticed Natasha
  3344 | D:3      | Killed Natasha
  3350 | D:3      | Learned a level 3 spell: Spider Form
  3846 | D:3      | Noticed Natasha
  3851 | D:3      | Killed Natasha
  3852 | D:3      | Reached XP level 5. HP: 35/37 MP: 6/9
  4325 | D:4      | Found Beruuk's Antique Armour Shoppe.
  4431 | D:4      | Found Gautug's Serpentskin Sales.
  4431 | D:4      | Noticed a water moccasin
  4440 | D:4      | Killed a water moccasin
  4441 | D:4      | Reached skill level 1 in Axes
  4441 | D:4      | Reached skill level 1 in Stealth
  4441 | D:4      | Lost mutation: You have razor-sharp toenails. [demonic
                  | ancestry]
  4441 | D:4      | Lost mutation: You have sharp toenails. [demonic ancestry]
  4441 | D:4      | Gained mutation: You have large cloven feet. [demonic
                  | ancestry]
  4441 | D:4      | Reached XP level 6. HP: 16/43 MP: 10/10
  4752 | D:4      | Noticed Eustachio
  4865 | D:4      | Found a glowing drain.
  4874 | Sewer    | Entered a sewer
  5305 | Sewer    | Reached XP level 7. HP: 36/50 MP: 10/12
  5310 | Sewer    | Identified the ring "Ryjoch" {rF+ Stlth+}
  5819 | D:4      | Killed Eustachio
  5820 | D:4      | Reached skill level 1 in Shields
  6329 | D:5      | Entered Level 5 of the Dungeon
  6666 | D:5      | Gained mutation: You are mostly covered in slimy green
                  | scales. (AC +3) [demonic ancestry]
  6666 | D:5      | Reached XP level 8. HP: 35/56 MP: 11/14
  7889 | D:5      | Reached skill level 1 in Poison Magic
  8202 | D:6      | Found Jankag's Distillery.
  8353 | D:6      | HP: 1/57 [scorpion (4)]
  8863 | D:6      | Found Muonlusi's Armour Boutique.
  8885 | D:6      | Learned a level 2 spell: Blink
  8929 | D:6      | Found Besyck's General Store.
  8936 | D:6      | Bought a potion of mutation for 96 gold pieces
  8938 | D:6      | Gained mutation: You have hidden genetic potential. [potion
                  | of mutation]
  8938 | D:6      | Gained mutation: You are partially covered in large bone
                  | plates. (SH +4) [potion of mutation]
  9204 | D:6      | Found a basalt altar of Yredelemnul.
  9462 | D:4      | Bought a pitted helmet for 247 gold pieces
  9462 | D:4      | Identified the +0 helmet "Ritapudi" {+Inv rF- MP+9 Str+2}
                  | (You bought it in a shop on level 4 of the Dungeon)
  9724 | D:7      | Found a transporter.
  9837 | D:7      | Found a transporter.
 10044 | D:7      | Noticed a boulder beetle
 10123 | D:7      | Reached skill level 5 in Spellcasting
 10123 | D:7      | Reached skill level 5 in Transmutations
 10123 | D:7      | Gained mutation: You are partially covered in sharp spines.
                  | [demonic ancestry]
 10123 | D:7      | Reached XP level 9. HP: 47/62 MP: 12/16
 10134 | D:7      | Found a broken altar of Ashenzari.
 10139 | D:7      | Found a staircase to the Ecumenical Temple.
 10151 | Temple   | Entered the Ecumenical Temple
 10387 | Temple   | Became a worshipper of Sif Muna the Loreminder
 10948 | D:7      | Reached skill level 1 in Evocations
 11297 | D:8      | Noticed Psyche
 11308 | D:8      | Killed Psyche
 11322 | D:8      | Gained mutation: A frigid envelope surrounds you and
                  | freezes all who hurt you. [hidden potential]
 11584 | D:8      | Reached skill level 1 in Polearms
 11762 | D:8      | Reached * piety under Sif Muna
 11763 | D:8      | Reached skill level 5 in Dodging
 11881 | D:8      | Reached skill level 5 in Unarmed Combat
 12337 | D:8      | Gained mutation: You frequently emit foul miasma when
                  | damaged in melee. [demonic ancestry]
 12337 | D:8      | Reached XP level 10. HP: 70/70 MP: 18/18
 12357 | D:8      | Identified the +4 quarterstaff of Karma {protect, *Rage
                  | +Blink Int+4}
 12384 | D:8      | Reached skill level 1 in Invocations
 12392 | D:8      | Noticed a sun demon
 12394 | D:8      | Reached skill level 2 in Invocations
 12652 | D:8      | Gained mutation: You have sharp fingernails. [hidden
                  | potential]
 12652 | D:8      | Lost mutation: You have hidden genetic potential. [hidden
                  | potential expressed]
 12942 | D:9      | Reached skill level 3 in Invocations
 13165 | D:9      | Noticed Erolcha
 13225 | D:9      | Reached ** piety under Sif Muna
 13226 | D:9      | Reached skill level 1 in Maces & Flails
 13412 | D:9      | Killed Erolcha
 13413 | D:9      | Reached skill level 4 in Invocations
 13740 | D:9      | Found a staircase to the Orcish Mines.
 14160 | D:10     | Entered Level 10 of the Dungeon
 14327 | D:10     | Reached XP level 11. HP: 30/77 MP: 19/19
 14374 | D:10     | Noticed a two-headed ogre
 14559 | D:10     | Reached *** piety under Sif Muna
 14780 | D:10     | Reached skill level 5 in Invocations
 14786 | D:10     | Reached skill level 5 in Evocations
 14997 | D:10     | Found Utian's Armour Boutique.
 15088 | D:10     | Noticed a necromancer
 15492 | D:11     | Found a blossoming altar of Fedhas.
 15504 | D:11     | Noticed an oklob plant
 15598 | D:11     | Noticed a death knight
 15643 | D:11     | Noticed a two-headed ogre
 15644 | D:11     | Found a staircase to the Lair.
 15647 | D:11     | Noticed a red ugly thing
 15649 | D:11     | Reached skill level 6 in Invocations
 15667 | D:11     | Banished a death knight
 15673 | D:11     | Killed a red ugly thing
 15688 | D:11     | Killed a two-headed ogre
 15689 | D:11     | Reached skill level 5 in Axes
 16630 | Lair:1   | Entered Level 1 of the Lair of Beasts
 16717 | Lair:1   | Reached skill level 5 in Fighting
 16756 | Lair:1   | Found a shadowy altar of Dithmenos.
 16811 | Lair:1   | Reached skill level 7 in Invocations
 16989 | Lair:1   | Noticed Urug
 17002 | Lair:1   | Banished Urug
 17080 | Lair:1   | Reached skill level 5 in Shields
 17124 | Lair:1   | Noticed Joseph
 17136 | Lair:1   | Killed Joseph
 17329 | Lair:1   | Reached XP level 12. HP: 86/86 MP: 21/21
 17710 | Lair:1   | Reached skill level 8 in Invocations
 17983 | Lair:2   | Noticed a death yak
 17984 | Lair:2   | Noticed a death yak
 18166 | Lair:2   | Found a staircase to the Swamp.
 18175 | Lair:2   | Reached **** piety under Sif Muna
 18683 | Lair:2   | Killed a death yak
 18691 | Lair:2   | Noticed a death yak
 18691 | Lair:2   | Noticed a death yak
 18704 | Lair:2   | Banished a death yak
 18705 | Lair:2   | Banished a death yak
 18714 | Lair:2   | Killed a death yak
 19214 | Lair:2   | Reached skill level 5 in Stealth
 19563 | Lair:3   | Noticed an eight-headed hydra
 19588 | Lair:3   | Reached skill level 9 in Invocations
 19922 | Lair:3   | Found a staircase to the Snake Pit.
 20215 | Lair:3   | Gained mutation: You are completely covered in slimy green
                  | scales. (AC +4, rPois) [demonic ancestry]
 20215 | Lair:3   | Reached XP level 13. HP: 51/96 MP: 22/22
 21895 | Abyss:2  | Cast into level 2 of the Abyss (unwielding a weapon of
                  | distortion)
 21920 | Abyss:2  | Killed Urug
 21924 | Abyss:2  | Reached skill level 10 in Invocations
 22247 | Abyss:2  | Noticed a starcursed mass
 22289 | Abyss:3  | Noticed a lich
 22292 | Abyss:3  | Noticed a green very ugly thing
 22352 | Abyss:3  | Noticed a starcursed mass
 22371 | Abyss:3  | Killed from afar by a smoke demon

Illustrated notes

Levels and vault maps discovered:
D:1:      elethiomel_arrival_shortcut, layout_loops_cross,
          shapermc_ecumenical_altar_notcrosses, nicolae_shop_vocational
D:2:      minmay_recursive_quarters, layout_basic, basic_altar,
          grunt_decor_mini_mirrors, serial_park_tiny_2
D:3:      layout_loops_corners, grunt_ministairs_12, hangedman_decor_growths,
          uniq_natasha
D:4:      layout_loops_cross, portal_sewer_entry_a, nicolae_take_the_stairs,
          guppyfry_shop_venom, uniq_eustachio
D:5:      layout_gridville, kennysheep_generic_room_5
D:6:      layout_loops_ring, yredelemnul_forgotten_temple_becter, serial_shops,
          shop, shop, nicolae_shop_stone
D:7:      gammafunk_steamed_eel, layout_basic, mainiacjoe_overflow_boulevard,
          minmay_temple_entry_trees, kennysheep_generic_room_15
D:8:      layout_loops_corners, patterned_corridor, uniq_psyche
D:9:      layout_cave_pools, david_orc_5, uniq_erolcha
D:10:     layout_roguey, serial_shops, nicolae_shop_crystal,
          eino_house_with_fridge
D:11:     layout_loops_corners, erik_lair_orcish_takeover, tgw_fedhas
Temple:   nicolae_temple_bog_church
Lair:1:   layout_cellular_growth, basic_altar, uniq_urug, uniq_joseph
Lair:2:   layout_chaotic_city, minmay_swamp_entry_worms
Lair:3:   layout_cave_pods, guppyfry_snake_entry_island
Lair:4:   layout_hall_layers, nicolae_lair_grove_arrangements,
          gammafunk_lair_bear_cave
Abyss:3:  base:
D:14

Skill      XL: |  1  2  3  4  5  6  7  8  9 10 11 12 13 |
---------------+----------------------------------------+-----
Transmutations | 2 3 4 5 6 7 |  7.0
Dodging        | 2 3 4 5 6 7 |  7.5
Short Blades   | 1 |  1.4
Axes           | 1 2 4 5 7 |  7.9
Stealth        | 1 2 4 5 |  5.5
Spellcasting   | 3 4 5 6 |  6.8
Fighting       | 2 3 4 5 7 |  7.7
Shields        | 1 2 4 5 6 |  6.4
Unarmed Combat | 3 5 |  5.1
Poison Magic   | 1 2 |  2.3
Evocations     | 3 4 6 7 8 |  8.2
Polearms       | 1 |  1.5
Invocations    | 4 7 9 10 | 10.0
Maces & Flails | 2 |  2.7
Throwing       | |  0.6

Action                   |  1- 3 |  4- 6 |  7- 9 | 10-12 | 13-15 || total
-------------------------+-------+-------+-------+-------+-------++-------
Melee: Dagger            |   117 |    16 |    40 |       |       ||   173
       Unarmed           |     5 |       |   122 |       |       ||   127
       Kick              |    24 |    48 |    65 |   139 |    56 ||   332
       Headbutt          |    12 |    23 |    19 |     1 |       ||    55
       Punch             |     1 |     5 |    11 |    19 |     8 ||    44
       Hand axe          |       |   173 |   161 |   257 |    60 ||   651
       Trident           |       |       |    18 |       |       ||    18
       Whip              |       |       |    14 |   168 |    63 ||   245
Throw: Dart              |       |     1 |       |     3 |       ||     4
 Cast: Beastly Appendage |    38 |    39 |    25 |     1 |       ||   103
       Wereblood         |       |     7 |    11 |    26 |     5 ||    49
       Spider Form       |       |       |    18 |       |       ||    18
       Blink             |       |       |       |     1 |     1 ||     2
 Abil: Evoke Invisibilit |       |       |     1 |       |       ||     1
Evoke: Wand              |       |       |     1 |       |       ||     1
  Use: Potion            |       |       |     4 |     4 |     1 ||     9
       Scroll            |       |       |     9 |     5 |       ||    14
 Stab: Sleeping          |     1 |     4 |    12 |     6 |     6 ||    29
       Distracted        |       |       |     1 |       |     1 ||     2
       Invisible         |       |       |     1 |       |       ||     1
Armor: Robe              |    32 |    32 |    21 |       |       ||    85
       Skin              |       |       |    35 |     3 |       ||    38
       Steam dragon scal |       |       |     3 |    85 |    29 ||   117
Dodge: Dodged            |    64 |   128 |   240 |   253 |    73 ||   758
Block: Other             |     3 |    49 |   103 |   187 |    51 ||   393
       Reflection        |       |       |       |     5 |       ||     5
